 Dungeon Crawl Stone Soup version 0.31-a0-1118-gbca3d03946 (webtiles) character file.

Game seed: 10835751443875141910

467 gruber the Skirmisher (level 6, -2/50 HPs)
             Began as a Minotaur Hunter on Dec 4, 2023.
             Killed by divine providence
             ... invoked by an orc priest
              (11 damage)
             ... on level 4 of the Dungeon.
             The game lasted 00:02:08 (2357 turns).

gruber the Skirmisher (Minotaur Hunter)             Turns: 2357, Time: 00:02:09

Health: -2/50      AC:  4    Str: 16    XL:     6   Next: 81%
Magic:  5/5        EV: 12    Int:  6    God:
Gold:   133        SH:  0    Dex: 15    Spells: 5/5 levels left

rFire   . . .        a - +0 shortbow
rCold   . . .        (shield currently unavailable)
rNeg    + . .        u - +1 leather armour of Resourcefulness {rPois rN+}
rPois   +            (helmet restricted)
rElec   .            (no cloak)
rCorr   .            (no gloves)
SInv    .            (no boots)
Will    +....        o - amulet of regeneration
Stlth   +            n - ring of willpower
HPRegen 1.08/turn    (no ring)
MPRegen 0.09/turn

%: no passive effects
@: no status effects
A: horns 2, retaliatory headbutt
a: no special abilities


You were on level 4 of the Dungeon.
You visited 1 branch of the dungeon, and saw 4 of its levels.

You collected 133 gold pieces.

Inventory:

Hand Weapons
 a - a +0 shortbow (weapon)
Armour
 u - the +1 leather armour of Resourcefulness (worn) {rPois rN+}
   (You found it on level 4 of the Dungeon)

   rPois:     It protects you from poison rN+: It protects you from negative
   energy.
Jewellery
 n - a ring of willpower (left hand)
 o - an amulet of regeneration (around neck)
Scrolls
 b - a scroll of butterflies
 d - a scroll of fear {unknown}
 g - a scroll of brand weapon {unknown}
 h - a scroll of teleportation {unknown}
 k - 6 scrolls of identify {unknown}
 m - 2 scrolls of noise {unknown}
 r - a scroll of vulnerability {unknown}
 s - a scroll of immolation {unknown}
 t - a scroll of torment {unknown}
Potions
 e - a potion of cancellation {unknown}
 f - 2 potions of curing {unknown}
 i - 2 potions of attraction {unknown}
 j - a potion of resistance
 l - 2 potions of degeneration {unknown}
 p - a potion of might {unknown}
 q - 2 potions of brilliance {unknown}


   Skills:
 - Level 2.4 Fighting
 + Level 9.1 Ranged Weapons
 - Level 2.1 Dodging
 - Level 0.7 Stealth


You had 5 spell levels left.
You didn't know any spells.
Your spell library was empty.

Dungeon Overview and Level Annotations

Branches:
Dungeon (4/15)
 Temple: D:4-7

Altars:
Ru

Shops:
D:2 =

Annotations:
D:3 1 runed translucent door, Crazy Yiuf
D:4 1 transporter


Innate Abilities, Weirdness & Mutations

You have a pair of horns on your head.
You reflexively headbutt those who attack you in melee.


Message History

You shoot an arrow. The arrow barely misses the orc priest.
The adder barely misses you. You furiously retaliate!
You headbutt the adder!
You kill the adder!
The orc priest calls down the wrath of Beogh upon you.
Beogh smites you! The orc priest hits you with a +3 mace.
The orc barely misses you.
Fire: a) +0 shortbow
Press: ? - help, Q - select action Shift-Dir - straight line, f/p - orc priest
Aim: an orc priest, wielding a +3 mace and wearing a +2 scale mail of cold resistance (severely wounded, 68% to hit)
You shoot an arrow.
The arrow hits the orc priest but does no damage.
The orc priest is severely wounded.
The orc priest barely misses you. The orc hits you but does no damage.
Unknown command.
Fire: a) +0 shortbow
Press: ? - help, Q - select action Shift-Dir - straight line, f/p - orc priest
Aim: an orc priest, wielding a +3 mace and wearing a +2 scale mail of cold resistance (severely wounded, 68% to hit)
You shoot an arrow. The arrow barely misses the orc priest.
You hear a shout!
The orc hits you with a +0 flail. The orc priest barely misses you.
You furiously retaliate!
You headbutt the orc priest.
Unknown command.
Fire: a) +0 shortbow
Press: ? - help, Q - select action Shift-Dir - straight line, f/p - orc priest
Aim: an orc priest, wielding a +3 mace and wearing a +2 scale mail of cold resistance (almost dead, 68% to hit)
You shoot an arrow. The arrow hits the orc priest.
The orc priest is almost dead.
You hear a shout!
The orc priest hits you with a +3 mace!
* * * LOW HITPOINT WARNING * * *
The orc misses you. You furiously retaliate!
You headbutt the orc!
You kill the orc!
Unknown command.
Fire: a) +0 shortbow
Press: ? - help, Q - select action Shift-Dir - straight line, f/p - orc priest
Aim: an orc priest, wielding a +3 mace and wearing a +2 scale mail of cold resistance (almost dead, 68% to hit)
You shoot an arrow. The arrow barely misses the orc priest.
The orc priest invokes the aid of Beogh against you.
Beogh smites you!
You die...

#####....................
#.##..#.#...#........
###...###..##........
#.(...# #............
#.....# #.##........©
#.....##..#.....#####
#....##.........#....
#..†oog....... #....
#..##@#..##.... #..#© #..
###..# . #...! #.. #.†#
#..# P.. ...# P~ ...#
.o#. .oo##


You could see 2 orc priests and a hobgoblin.

Vanquished Creatures
  Grinder (D:3)
  An ogre (D:3)
  Natasha (thrice) (D:2)
  5 adders
  3 worms
  2 dart slugs
  An orc (D:4)
  6 ball pythons
  3 bats (D:2)
  9 endoplasms
  2 giant cockroaches
  5 goblins
  3 hobgoblins (D:1)
  10 jackals
  2 frilled lizards
  7 kobolds
  5 rats
68 creatures vanquished.

Notes
Turn   | Place    | Note
-------+----------+-------------------------------------------
     0 | D:1      | gruber the Minotaur Hunter began the quest for the Orb.
     0 | D:1      | Reached XP level 1. HP: 18/18 MP: 0/0
   214 | D:1      | Reached XP level 2. HP: 24/25 MP: 1/1
   418 | D:1      | Reached skill level 5 in Ranged Weapons
   456 | D:1      | Found a faded altar of an unknown god.
   641 | D:2      | Noticed Natasha
   653 | D:2      | Killed Natasha
   654 | D:2      | Reached XP level 3. HP: 6/30 MP: 2/2
   770 | D:2      | Reached skill level 6 in Ranged Weapons
   857 | D:2      | Reached XP level 4. HP: 27/37 MP: 3/3
   959 | D:2      | Noticed Natasha
   971 | D:2      | Killed Natasha
  1043 | D:2      | Noticed Natasha
  1057 | D:2      | Killed Natasha
  1187 | D:2      | Reached skill level 7 in Ranged Weapons
  1187 | D:2      | Reached XP level 5. HP: 42/42 MP: 4/4
  1479 | D:2      | Found Onoontamp's Jewellery Emporium.
  1733 | D:3      | Noticed an ogre
  1740 | D:3      | Killed an ogre
  1903 | D:3      | Found a runed translucent door.
  1904 | D:3      | Noticed Crazy Yiuf
  1978 | D:3      | Reached skill level 8 in Ranged Weapons
  2139 | D:3      | Noticed Grinder
  2148 | D:3      | Killed Grinder
  2149 | D:3      | Reached skill level 9 in Ranged Weapons
  2149 | D:3      | Reached XP level 6. HP: 44/50 MP: 5/5
  2186 | D:3      | Found a sacrificial altar of Ru.
  2266 | D:4      | Found a transporter.
  2318 | D:4      | Identified the +1 leather armour of Resourcefulness {rPois
                  | rN+}
  2357 | D:4      | Killed from afar by an orc priest

Illustrated notes

Levels and vault maps discovered:
D:1:      dpeg_arrival_three_same_balls, layout_rooms,
          hellmonk_ecumenical_altar_prayer_group
D:2:      layout_basic, serial_shops, nicolae_lakefront_shop, uniq_natasha
D:3:      layout_loops_cross, nicolae_ru_the_path_less_chosen, st_stairs_10,
          minmay_misc_feat_cross, serial_park_tiny_1, amcnicky_mini_pool_small,
          uniq_crazy_yiuf_cottage, uniq_grinder
D:4:      gammafunk_cloud_chamber, layout_cave_pools,
          amcnicky_mini_corridor_feature, chequers_big_river

Skill      XL: |  1  2  3  4  5 |
---------------+----------------+-----
Ranged Weapons | 5 6 7 9 |  9.1
Fighting       | |  2.4
Dodging        | |  2.1
Stealth        | |  0.7

Action                     |  1- 3 |  4- 6 || total
---------------------------+-------+-------++-------
   Fire: Shortbow          |    91 |   152 ||   243
 Armour: Leather armour    |    25 |    37 ||    62
  Dodge: Dodged            |    20 |    39 ||    59

Table legend: (Time is in decaauts)
 A = Elapsed time spent in this place.
 B = Non-inter-level travel time spent in this place.
 C = Inter-level travel time spent in this place.
 D = Time resting spent in this place.
 E = Time spent auto-exploring this place.
 F = Levels seen in this place.
 G = Mean time per level.
                   A        B        C        D        E       F      G
               +--------+--------+--------+--------+--------+-----+--------+
         Total |   2387 |   2334 |     53 |      0 |   1920 |   4 |  596.8 |
       Dungeon |   2387 |   2334 |     53 |      0 |   1920 |   4 |  596.8 |
               +--------+--------+--------+--------+--------+-----+--------+

Top non-repeatable levels by time:
     D:2: 1075 daAuts
     D:3: 680 daAuts
     D:1: 530 daAuts
     D:4: 100 daAuts
